 Dungeon Crawl Stone Soup version 0.29-a0-1052-g6990b1bffc (webtiles) character file.

Game seed: 4432154380413618107

1389 Ijustatesigmund the Reanimator (level 8, 0/44 HPs)
             Began as a Deep Elf Necromancer on Aug 17, 2022.
             Slain by a centaur (5 damage)
             ... on level 6 of the Dungeon.
             The game lasted 00:13:45 (5956 turns).

Ijustatesigmund the Reanimator (DENe)               Turns: 5956, Time: 00:13:45

Health: 0/44       AC:  4    Str:  5    XL:     8   Next: 40%
Magic:  11/23      EV: 12    Int: 23    God:
Gold:   1370       SH:  0    Dex: 15    Spells: 21/25 levels left

rFire   . . .      SeeInvis .   s - staff of death
rCold   . . .      Faith    .   (no shield)
rNeg    + . .      Spirit   .   a - +1 robe
rPois   .          Reflect  .   (no helmet)
rElec   .          Harm     .   v - +0 cloak
rCorr   .          Rampage  .   (no gloves)
Will    .....                   (no boots)
Stlth   ++........              (no amulet)
HPRegen 0.14/turn               (no ring)
MPRegen 0.18/turn               (no ring)

@: no status effects
A: no striking features
a: no special abilities


You were on level 6 of the Dungeon.
You visited 1 branch of the dungeon, and saw 6 of its levels.

You collected 1370 gold pieces.

Inventory:

Hand Weapons
 c - a +0 spectral dagger
Armour
 a - a +1 robe (worn)
 v - a +0 cloak (worn)
Magical Staves
 s - a staff of death (weapon)
Wands
 i - a wand of paralysis (8)
 p - a wand of digging (5)
Scrolls
 g - a scroll of fear
Potions
 b - a potion of magic
 d - a potion of mutation
 e - a potion of flight
 j - a potion of attraction
 m - a potion of cancellation
 n - a potion of heal wounds
 o - a potion of haste
 q - a potion of ambrosia
 r - 2 potions of curing {unknown}
 t - a potion of might {unknown}


   Skills:
 - Level 2.1 Fighting
 - Level 1.2 Short Blades
 - Level 2.2 Staves
 - Level 2.4 Dodging
 - Level 2.4 Stealth
 + Level 9.2 Spellcasting
 + Level 9.4 Necromancy


You had 21 spell levels left.
You knew the following spells:

 Your Spells              Type           Power      Damage    Failure   Level
a - Necrotise             Necr           100%       1d9       1%          1
b - Vampiric Draining     Necr           69%        2d10      1%          3

Your spell library contained the following spells:

 Spells                   Type           Power      Damage    Failure   Level
 Animate Dead             Necr           69%        N/A       1%          4
 Agony                    Necr           69%        N/A       3%          5
 Beastly Appendage        Tmut           20%        N/A       6%          1
 Ensorcelled Hibernation  Hex/Ice        20%        N/A       10%         2
 Passwall                 Tmut/Erth      8%         N/A       10%         2
 Wereblood                Tmut           10%        N/A       10%         2
 Inner Flame              Hex/Fire       10%        N/A       19%         3
 Spider Form              Tmut/Pois      10%        N/A       19%         3
 Swiftness                Air            10%        N/A       19%         3
 Cause Fear               Hex            5%         N/A       52%         4
 Discord                  Hex            5%         N/A       100%        8


Dungeon Overview and Level Annotations

Branches:
Dungeon (6/15)
 Temple: D:4-7

Altars:
Cheibriados
Makhleb

Annotations:
D:5 2 runed translucent doors, nmsoi's ghost, weakling GnDe


Message History

Confirm with . or Enter, or press ? or * to list all spells.
Aiming: Necrotise (safe; 1% risk of failure)
Press: ? - help, Shift-Dir - straight line, f/p - howler monkey
Aim: a howler monkey (almost dead, catching its breath, chance to affect: 88%)
You feel a surge of power!
The howler monkey barely resists.
The howler monkey hits you.
A centaur comes into view.
The howler monkey hits you.
* * * LOW HITPOINT WARNING * * *
Casting: Necrotise (safe; 1% risk of failure)
Confirm with . or Enter, or press ? or * to list all spells.
Aiming: Necrotise (safe; 1% risk of failure)
Press: ? - help, Shift-Dir - straight line, f/p - howler monkey
Aim: a howler monkey (almost dead, chance to affect: 88%)
You feel a surge of power!
The howler monkey writhes in agony.
You kill the howler monkey!
The dead are walking!
You swap places.
Your howler monkey skeleton hits the iguana.
The iguana bites your howler monkey skeleton!
Your howler monkey skeleton hits the iguana.
The iguana barely misses your howler monkey skeleton.
Your howler monkey skeleton hits the iguana.
The centaur wields a +0 shortbow.
The centaur shoots an arrow.
The arrow barely misses you.
Your howler monkey skeleton hits the centaur but does no damage.
You start resting.
The centaur shoots an arrow.
The arrow hits you!
* * * LOW HITPOINT WARNING * * *
The centaur unwields a +0 shortbow.
The centaur hits you.
* * * LOW HITPOINT WARNING * * *
The centaur kicks you but does no damage.
Casting: Necrotise (safe; 1% risk of failure)
Confirm with . or Enter, or press ? or * to list all spells.
Aiming: Vampiric Draining (safe; 1% risk of failure)
Press: ? - help, Shift-Dir - straight line, f - centaur
Aim: a centaur You feel a surge of power!
You draw life force from the centaur.
You feel life coursing into your body. The centaur hits you.
You die...

***,**** ,,,,* ,**** ,*
,* ,* ,#################
,............l.c.#***##**
,..##...##..####@#*,..,,*
,,,*#...*#..####.##.#**,*
,,,#....,#..#.......# *,*
*,,#.....#..#.##.##.#**,*
*,...............#*,..,,*
*#..........######***..#*
###.######## **.# *,.#
*,# **.# ********* *,*


You could see a centaur and an iguana.

Vanquished Creatures
  A sky beast (D:6)
  A black bear (D:5)
  3 ogres
  A centaur (D:6)
  A necrophage (D:5)
  4 scorpions
  2 howler monkeys (D:6)
  3 hounds (D:5)
  An orc priest (D:4)
  3 jellies
  2 iguanas
  An orc wizard (D:4)
  11 adders
  A white imp (D:6)
  A worm (D:2)
  A dart slug (D:1)
  18 orcs
  5 bats
  7 endoplasms
  3 giant cockroaches
  9 goblins
  4 hobgoblins
  3 jackals (D:4)
  6 kobolds
  7 quokkas
  2 ball pythons (D:4)
  A frilled lizard (D:2)
  4 rats
106 creatures vanquished.

Vanquished Creatures (collateral kills)
  A jackal (D:4)
  A rat (D:2)
2 creatures vanquished.

Grand Total: 108 creatures vanquished

Notes
Turn   | Place    | Note
-------+----------+-------------------------------------------
     0 | D:1      | Ijustatesigmund the Deep Elf Necromancer began the quest
                  | for the Orb.
     0 | D:1      | Reached XP level 1. HP: 10/10 MP: 6/6
    76 | D:1      | Reached skill level 5 in Necromancy
   174 | D:1      | Reached XP level 2. HP: 15/15 MP: 4/8
   794 | D:2      | Reached XP level 3. HP: 19/19 MP: 5/10
   798 | D:2      | Learned a level 3 spell: Vampiric Draining
   880 | D:2      | Found a faded altar of an unknown god.
  1875 | D:2      | Reached XP level 4. HP: 24/24 MP: 10/12
  2162 | D:3      | Reached skill level 5 in Spellcasting
  2235 | D:3      | Found a snail-covered altar of Cheibriados.
  3073 | D:4      | Noticed an ogre
  3079 | D:4      | Killed an ogre
  3080 | D:4      | Reached skill level 1 in Fighting
  3080 | D:4      | Reached skill level 1 in Short Blades
  3080 | D:4      | Reached XP level 5. HP: 17/29 MP: 1/15
  3256 | D:4      | Reached XP level 6. HP: 20/34 MP: 11/16
  3457 | D:4      | Reached skill level 1 in Staves
  3576 | D:4      | Identified a scroll of acquirement
  3576 | D:4      | Acquired 1163 gold pieces
  3942 | D:4      | Reached XP level 7. HP: 40/40 MP: 12/18
  4037 | D:5      | Entered Level 5 of the Dungeon
  5105 | D:5      | Found a large runed translucent door.
  5106 | D:5      | Found a large runed translucent door.
  5109 | D:5      | Noticed nmsoi's ghost (weakling GnDe)
  5244 | D:5      | Found a burning altar of Makhleb.
  5462 | D:6      | Reached XP level 8. HP: 40/44 MP: 17/22
  5955 | D:6      | HP: 2/44 [centaur (2)]
  5956 | D:6      | Slain by a centaur

Illustrated notes

Levels and vault maps discovered:
D:1:      evilmike_arrival_fibonacci_small, layout_rooms, nicolae_titane
D:2:      layout_loops_corners, hellmonk_ecumenical_altar_leap_of_faith,
          grunt_ministairs_15
D:3:      layout_loops_ring, mainiacjoe_overflow_six_doors_small
D:4:      layout_basic, nrook_mini_vaults
D:5:      layout_loops_ring, makhleb_heckhound_becter,
          ebering_ghost_disaster_area
D:6:      layout_loops_cross, kb_lookout_dungeons_type, st_stairs_12,
          minmay_misc_feat_roman

Skill      XL: |  1  2  3  4  5  6  7  8 |
---------------+-------------------------+-----
Necromancy     | 5 6 7 8 9 |  9.4
Spellcasting   | 4 5 6 8 9 |  9.2
Fighting       | 1 2 |  2.1
Short Blades   | 1 |  1.2
Staves         | 2 |  2.2
Dodging        | |  2.4
Stealth        | |  2.4

Action                   |  1- 3 |  4- 6 |  7- 9 || total
-------------------------+-------+-------+-------++-------
Melee: Dagger            |       |     3 |       ||     3
       Staff             |       |    10 |    40 ||    50
 Cast: Necrotise         |    60 |    79 |    88 ||   227
       Vampiric Draining |       |     9 |     9 ||    18
Evoke: Wand              |       |       |     4 ||     4
  Use: Scroll            |       |    11 |     5 ||    16
       Potion            |       |     2 |     2 ||     4
 Stab: Paralysed         |       |       |    18 ||    18
Armor: Robe              |     1 |     5 |    10 ||    16
Dodge: Dodged            |    11 |    18 |    39 ||    68

Table legend: (Time is in decaauts)
 A = Elapsed time spent in this place.
 B = Non-inter-level travel time spent in this place.
 C = Inter-level travel time spent in this place.
 D = Time resting spent in this place.
 E = Time spent auto-exploring this place.
 F = Levels seen in this place.
 G = Mean time per level.
                   A        B        C        D        E       F      G
               +--------+--------+--------+--------+--------+-----+--------+
         Total |   5957 |   5795 |    162 |   1083 |   3998 |   6 |  992.8 |
       Dungeon |   5957 |   5795 |    162 |   1083 |   3998 |   6 |  992.8 |
               +--------+--------+--------+--------+--------+-----+--------+

Top non-repeatable levels by time:
     D:5: 1398 daAuts
     D:4: 1258 daAuts
     D:2: 1258 daAuts
     D:3: 772 daAuts
     D:1: 745 daAuts
     D:6: 524 daAuts
